 Dungeon Crawl Stone Soup version 0.19.5 (webtiles) character file.

28 tidbits the Cutter (level 3, -7/24 HPs)
             Began as a High Elf Wanderer on Nov 14, 2017.
             Was an Initiate of Dithmenos.
             Mangled by an ogre
             ... wielding a +0 giant club
              (9 damage)
             ... on level 4 of the Dungeon.
             The game lasted 00:06:29 (933 turns).

tidbits the Cutter (High Elf Wanderer)               Turns: 933, Time: 00:06:30

Health: -7/24      AC:  6    Str: 13    XL:     3   Next: 0%
Magic:  13/13      EV: 11    Int: 16    God:    Dithmenos [......]
Gold:   93         SH:  0    Dex: 13    Spells: 0 memorised, 2 levels left

rFire  . . .     SeeInvis .     a - +2 dagger
rCold  . . .     Gourm    .     B - +0 ring mail
rNeg   . . .     Faith    .     (no shield)
rPois  .         Spirit   .     (no helmet)
rElec  .         Reflect  .     C - +0 cloak
rCorr  .         Harm     .     (no gloves)
MR     .....                    (no boots)
Stlth  ++........               (no amulet)
                                r - ring of stealth
                                p - ring of magical power

@: hasted, very quick
A: no striking features
a: Renounce Religion


You were on level 4 of the Dungeon.
You worshipped Dithmenos.
Dithmenos was noncommittal.
You were not hungry.

You visited 1 branch of the dungeon, and saw 4 of its levels.

You collected 93 gold pieces.

Inventory:

Hand Weapons
 a - a +2 dagger (weapon)
 b - a +0 shortbow
 e - a +0 short sword
 j - a +0 short sword
   (You found it on level 2 of the Dungeon)
 l - a +2 vampiric dagger
   (You found it on level 3 of the Dungeon)
 u - a +0 whip of venom
   (You took it off a kobold on level 1 of the Dungeon)
 w - a +0 blowgun
   (You took it off a kobold on level 3 of the Dungeon)
Missiles
 d - 50 arrows
 h - 31 stones (quivered)
 m - 5 tomahawks
 y - 30 poisoned needles
Armour
 f - a +0 robe
 B - a +0 ring mail (worn)
   (You found it on level 2 of the Dungeon)
 C - a +0 cloak (worn)
   (You found it on level 3 of the Dungeon)
Jewellery
 p - a ring of magical power (left hand)
   (You found it on level 1 of the Dungeon)
 r - a ring of stealth (right hand)
   (You found it on level 1 of the Dungeon)
Scrolls
 i - 3 scrolls of immolation {unknown}
 k - a scroll of identify {unknown}
 n - a scroll of fog {unknown}
 x - a scroll of remove curse {unknown}
Potions
 s - a potion of invisibility {unknown}
Comestibles
 g - 3 bread rations
 t - a slice of pizza
 v - a royal jelly


   Skills:
 - Level 2.0 Fighting
 - Level 2.4 Short Blades
 + Level 2.3 Bows
   Level 1.0 Crossbows
 - Level 1.0 Throwing
 - Level 1.7 Armour
 + Level 2.0 Dodging
 - Level 2.1 Stealth


You had 2 spell levels left.
You didn't know any spells.

Dungeon Overview and Level Annotations

Branches:
Dungeon (4/15)
 Temple: D:4-7

Altars:
Dithmenos


Message History

You bump into the rock wall.
You feel less invigorated.
You feel less confused.
You feel sick.
You feel sick.
You feel sick.
You are no longer poisoned.
You feel yourself speed up.
You feel less exhausted.
Found a cloak.
You see here a cloak.
o - a cloak Wear which item? (? for menu, Esc to quit)
You start putting on your armour.
You continue putting on your cloak. x2
HP restored.
You continue putting on your cloak. x2
You finish putting on your +0 cloak.
Adjust (i)tems, (s)pells, or (a)bilities?
Adjust which item? (? for menu, Esc to quit)
o - a +0 cloak (worn)
Adjust to which letter? (? for menu, Esc to quit)
C - a +0 cloak (worn)
Found a shadowy altar of Dithmenos.
There is a shadowy altar of Dithmenos here.
You kneel at the altar of Dithmenos.
Dithmenos welcomes you!
Found 13 stones.
h - 31 stones (gained 13)
Found a stone staircase leading down.
There is a stone staircase leading down here.
You climb downwards.
A frilled lizard and a skeleton come into view.
Found a scroll labeled XURAUNT YVUATE, 5 gold pieces and 26 arrows.
There is a stone staircase leading up here.
a - a +2 dagger (weapon)
The helpless frilled lizard fails to defend itself.
You puncture the frilled lizard!
You kill the frilled lizard!
Dithmenos accepts your kill.
You hit the leopard gecko skeleton.
The leopard gecko skeleton is severely damaged.
The leopard gecko skeleton closely misses you.
You barely miss the leopard gecko skeleton.
The leopard gecko skeleton is severely damaged.
The leopard gecko skeleton bites you but does no damage.
You barely miss the leopard gecko skeleton.
The leopard gecko skeleton is severely damaged.
The leopard gecko skeleton barely misses you.
You hit the leopard gecko skeleton.
You destroy the leopard gecko skeleton!
Dithmenos accepts your kill.
You have reached level 3!
Your experience leads to an increase in your attributes!
Increase (S)trength, (I)ntelligence, or (D)exterity?
You feel stronger.
You feel clever.
Unknown command.
b - a +0 shortbow (weapon)
i - 3 scrolls labeled XURAUNT YVUATE (gained 1)
Found 12 gold pieces.
Found a dagger.
You now have 93 gold pieces (gained 5).
d - 53 arrows (gained 26)
You open the door.
Found 2 scrolls labeled DANAEK MAMU and a club.
An ogre comes into view. It is wielding a giant club.
There is an open door here.
Unknown command.
Firing (i - inventory. (,) - cycle):
d - 53 arrows (quivered)
Press: ? - help, Shift-Dir - straight line, f - ogre
Aim: an ogre, wielding a giant club (resting)
You shoot an arrow. The arrow hits the ogre!
The ogre is moderately wounded.
Firing (i - inventory. (,) - cycle):
d - 52 arrows (quivered)
Press: ? - help, Shift-Dir - straight line, f/p - ogre
Aim: an ogre, wielding a giant club (moderately wounded)
You shoot an arrow. The arrow barely misses the ogre.
Firing (i - inventory. (,) - cycle):
d - 51 arrows (quivered)
Press: ? - help, Shift-Dir - straight line, f/p - ogre
Aim: an ogre, wielding a giant club (moderately wounded)
You shoot an arrow. The arrow hits the ogre.
The ogre is moderately wounded.
a - a +2 dagger (weapon)
You barely miss the ogre.
The ogre is moderately wounded.
The ogre closely misses you.
You hit the ogre.
The ogre is heavily wounded.
The ogre closely misses you.
You hit the ogre.
The ogre is heavily wounded.
You barely miss the ogre.
The ogre is heavily wounded.
The ogre hits you with a giant club!!
Ouch! That really hurt!
* * * LOW HITPOINT WARNING * * *
There is a stone staircase leading up here.
Found a cyan potion.
You see here a cyan potion.
You feel yourself speed up. The ogre hits you with a giant club!
You die...

#.. ... #
#.# .# #
#.##.#
#.#....####
#.#........
#..........
#@# #O# #.#
#.# #.#
#!######
#.....$#
######.#
#.#


You could see an ogre.

Vanquished Creatures
  An ooze (D:3)
  A dart slug (D:1)
  An orc (D:3)
  2 bats
  A goblin (D:2)
  2 hobgoblins
  A quokka (D:2)
  2 frilled lizards
  7 kobolds
  A leopard gecko skeleton (D:4)
  5 rats
24 creatures vanquished.

Notes
Turn   | Place    | Note
-------+----------+-------------------------------------------
     0 | D:1      | tidbits the High Elf Wanderer began the quest for the Orb.
     0 | D:1      | tidbits set off with: a +2 dagger, a potion of haste, a +0 shortbow, 23 arrows, a +0 short sword, a +0 robe, a bread ration
     0 | D:1      | Reached XP level 1. HP: 14/14 MP: 2/2
    88 | D:2      | Reached skill level 1 in Bows
   114 | D:2      | Reached skill level 1 in Dodging
   251 | D:3      | Reached XP level 2. HP: 19/19 MP: 3/3
   416 | D:1      | Reached skill level 2 in Bows
   704 | D:3      | Reached skill level 2 in Dodging
   847 | D:3      | Found a shadowy altar of Dithmenos.
   851 | D:3      | Became a worshipper of Dithmenos the Shadowed
   886 | D:4      | Reached XP level 3. HP: 24/24 MP: 4/4
   902 | D:4      | Noticed an ogre
   910 | D:4      | HP: 1/24 [ogre/giant club (23)]
   933 | D:4      | Mangled by an ogre

Skill      XL: |  1  2 |
---------------+-------+-----
Bows           | 1 2 |  2.3
Dodging        | 1 2 |  2.0
Fighting       | |  2.0
Short Blades   | |  2.4
Crossbows      | |  1.0
Throwing       | |  1.0
Armour         | |  1.7
Stealth        | |  2.1

Action                   || total
-------------------------++-------
Melee: Dagger            ||    33
 Fire: Shortbow          ||    49
  Use: Potion            ||     3
 Stab: Sleeping          ||     1
Armor: Ring mail         ||    12
Dodge: Dodged            ||    21

Table legend:
 A = Turns spent in this place as a percentage of turns spent in the entire game.
 B = Non-inter-level travel turns spent in this place as a percentage of non-inter-level travel turns spent in the entire game.
 C = Inter-level travel turns spent in this place as a percentage of turns spent in this place.
 D = Turns resting spent in this place as a percentage of non-inter-level travel turns spent in this place.
 E = Turns spent auto-exploring this place as a percentage of non-inter-level travel turns spent in this place.
 F = Non-inter-level travel turns spent in this place divided by the number of levels of this place that you've seen.
                   A       B       C       D       E      F
               +-------+-------+-------+-------+-------+----------------------
         Total | 100.0 | 100.0 |   0.4 |   0.0 |   0.0 | 185.0
       Dungeon | 100.0 | 100.0 |   0.4 |   0.0 |   0.0 | 185.0
               +-------+-------+-------+-------+-------+----------------------

Table legend:
 A = Kills in this place as a percentage of kills in entire the game.
 B = Kills by you in this place as a percentage of kills by you in the entire game.
 C = Kills by friends in this place as a percentage of kills by friends in the entire game.
 D = Other kills in this place as a percentage of other kills in the entire game.
 E = Experience gained in this place as a percentage of experience gained in the entire game.
 F = Experience gained in this place divided by the number of levels of this place that you have seen.
                   A       B       C       D       E      F
               +-------+-------+-------+-------+-------+----------------------
         Total | 100.0 | 100.0 |  -nan |  -nan | 100.0 |  10.2
       Dungeon | 100.0 | 100.0 |  -nan |  -nan | 100.0 |  10.2
               +-------+-------+-------+-------+-------+----------------------

Vault maps used:
D:1:      lightli_molten_gateway, dk_noncrumbling_3, minivault_26
D:3:      grunt_dithmenos_smoke_and_mirrors, uniq_iyjb
D:4:      first_bread, kennysheep_nondescript, uniq_grinder, uniq_menkaure,
          uniq_eustachio
